 Dungeon Crawl Stone Soup version 0.27.1 (webtiles) character file.

Game seed: 4118680392962153580

9055 Renzlar the Blocker (level 11, -5/89 HPs)
             Began as a Gnoll Fighter on Sept 3, 2021.
             Was a High Priest of Okawaru.
             Slain by a nine-headed hydra (10 damage)
             ... on level 2 of the Lair of Beasts.
             The game lasted 00:34:12 (10682 turns).

Renzlar the Blocker (Gnoll Fighter)                Turns: 10682, Time: 00:34:13

Health: -5/89      AC: 19    Str: 22    XL:     11   Next: 40%
Magic:  20/20      EV: 12    Int: 16    God:    Okawaru [*****.]
Gold:   404        SH: 13    Dex: 16    Spells: 19/22 levels left

rFire    + . .     SeeInvis .   b - +6 double sword "Bugean" {venom, rPois Will+ Int+4 Dex+4}
rCold    . . .     Faith    .   j - +1 kite shield
rNeg     + . .     Spirit   .   k - +3 scale mail
rPois    +         Reflect  .   G - +2 helmet
rElec    .         Harm     .   n - +0 cloak
rCorr    .         Rampage  .   i - +0 pair of gloves
Will     +....                  o - +0 pair of boots
Stlth    +++.......             (no amulet)
HPRegen  0.24/turn              f - ring of positive energy
MPRegen  0.17/turn              B - ring of Gluttony {rF+ Str+4 Int+4 Stlth+}

@: no status effects
A: fangs 1, strong nose, distributed training
a: Renounce Religion, Heroism, Finesse


You were on level 2 of the Lair of Beasts.
You worshipped Okawaru.
Okawaru was extremely pleased with you.
You visited 3 branches of the dungeon, and saw 12 of its levels.

You collected 404 gold pieces.

Inventory:

Hand Weapons
 a - a +1 war axe
 b - the +6 double sword "Bugean" (weapon) {venom, rPois Will+ Int+4 Dex+4}
   (You acquired it on level 5 of the Dungeon)

   It poisons the flesh of those it strikes.
   Int:       It affects your intelligence (+4).
   Dex:       It affects your dexterity (+4).
   rPois:     It protects you from poison.
   Will:      It increases your willpower.
 c - a +0 hunting sling
 A - a +5 scimitar
Missiles
 e - 194 stones (quivered)
 g - 16 poisoned darts
 r - 2 throwing nets
 u - 48 bolts
 E - a curare-tipped dart
 K - 15 sling bullets
Armour
 i - a +0 pair of gloves (worn)
 j - a +1 kite shield (worn)
 k - a +3 scale mail (worn)
 n - a +0 cloak (worn)
 o - a +0 pair of boots (worn)
 G - a +2 helmet (worn)
Jewellery
 f - a ring of positive energy (left hand)
 l - a ring of poison resistance
 B - the ring of Gluttony (right hand) {rF+ Str+4 Int+4 Stlth+}
   (You acquired it on level 8 of the Dungeon)

   [ring of protection from fire]

   Str:       It affects your strength (+4).
   Int:       It affects your intelligence (+4).
   rF:        It protects you from fire.
   Stlth:     It makes you more stealthy.
 D - a +4 ring of evasion
Wands
 d - a wand of iceblast (10)
 t - a wand of flame (35)
 x - a wand of mindburst (33)
 y - a wand of paralysis (13)
Scrolls
 s - 2 scrolls of magic mapping
 v - 3 scrolls of blinking
 w - 2 scrolls of amnesia
 C - 2 scrolls of identify
 F - a scroll of enchant weapon
 H - a scroll of fear
 I - 2 scrolls of teleportation
 J - a scroll of holy word
Potions
 h - 2 potions of curing
 m - 2 potions of magic
 p - a potion of heal wounds
 q - 2 potions of invisibility
 z - a potion of mutation


   Skills:
 + Level 9.1 Fighting
 + Level 6.2 Short Blades
 + Level 6.2 Long Blades
 + Level 7.8 Axes
 + Level 6.2 Maces & Flails
 + Level 6.2 Polearms
 + Level 6.2 Staves
 + Level 6.2 Slings
 + Level 6.2 Bows
 + Level 6.2 Crossbows
 + Level 6.2 Throwing
 + Level 9.1 Armour
 + Level 6.2 Dodging
 + Level 6.2 Stealth
 + Level 9.1 Shields
 + Level 6.2 Unarmed Combat
 + Level 6.2 Spellcasting
 + Level 5.2 Conjurations
 + Level 5.2 Hexes
 + Level 5.2 Summonings
 + Level 5.2 Necromancy
 + Level 5.2 Translocations
 + Level 5.2 Transmutations
 + Level 5.2 Fire Magic
 + Level 5.2 Ice Magic
 + Level 5.2 Air Magic
 + Level 5.2 Earth Magic
 + Level 5.2 Poison Magic
 + Level 6.9 Invocations
 + Level 6.2 Evocations


You had 19 spell levels left.
You knew the following spells:

 Your Spells              Type           Power      Damage    Failure   Level
a - Portal Projectile     Hex/Tloc       42%        N/A       22%         3

Your spell library contained the following spells:

 Spells                   Type           Power      Damage    Failure   Level
 Shock                    Conj/Air       84%        1d8       8%          1
 Static Discharge         Conj/Air       21%        N/A       12%         2
 Call Canine Familiar     Summ           21%        N/A       22%         3
 Gell's Gravitas          Tloc           10%        N/A       22%         3
 Swiftness                Air            21%        N/A       22%         3
 Teleport Other           Tloc           21%        N/A       22%         3
 Airstrike                Air            10%        N/A       58%         4
 Dispel Undead            Necr           21%        3d11      58%         4
 Leda's Liquefaction      Hex/Erth       10%        N/A       58%         4
 Passage of Golubria      Tloc           N/A        N/A       58%         4
 Sticky Flame             Conj/Fire      21%        2d4       58%         4
 Silence                  Hex/Air        10%        N/A       91%         5
 Dispersal                Tloc           10%        N/A       100%        6
 Lehudib's Crystal Spear  Conj/Erth      10%        10d4      100%        8


Dungeon Overview and Level Annotations

Branches:
Dungeon (9/15)             Temple (1/1) D:7            Lair (2/6) D:9
  Swamp: Lair:2-4    Shoals: Lair:2-4     Snake: Lair:2-4    Spider: Lair:2-4
    Orc: D:9-12

Altars:
Fedhas
Gozag
Hepliaklqana
Okawaru
Qazlal
Ru
Sif Muna
Uskayaw
Wu Jian
Yredelemnul
The Shining One

Shops:
D:1 [   D:7 *


Innate Abilities, Weirdness & Mutations

You have very sharp teeth.
Your uncanny sense of smell can sniff out nearby items.
Your experience applies equally to all skills.


Message History

The eight-headed hydra bites you but does no damage.
The eight-headed hydra bites you.
The eight-headed hydra bites you but does no damage.
The eight-headed hydra bites you! The eight-headed hydra bites you.
The eight-headed hydra barely misses you.
Unknown command.
You hack one of the eight-headed hydra's heads off!
The seven-headed hydra grows two more!
You slash the nine-headed hydra!
The nine-headed hydra looks as sick as possible!
The nine-headed hydra is heavily wounded.
You block the nine-headed hydra's attack.
The nine-headed hydra bites you.
The nine-headed hydra bites you but does no damage.
The nine-headed hydra barely misses you. x2
The nine-headed hydra bites you but does no damage.
The nine-headed hydra closely misses you.
The nine-headed hydra bites you but does no damage.
You block the nine-headed hydra's attack.
The nine-headed hydra bites you! x2
* * * LOW HITPOINT WARNING * * *
The nine-headed hydra closely misses you.
The nine-headed hydra bites you.
* * * LOW HITPOINT WARNING * * *
The nine-headed hydra bites you but does no damage.
The nine-headed hydra barely misses you.
The nine-headed hydra bites you!
* * * LOW HITPOINT WARNING * * *
The nine-headed hydra bites you!
* * * LOW HITPOINT WARNING * * *
The nine-headed hydra bites you but does no damage.
Unknown command.
Unknown command.
Aiming: Mindburst
Press: ? - help, Shift-Dir - straight line, f/p - nine-headed hydra
Aim: a nine-headed hydra (heavily wounded, extremely poisoned, chance to affect: 55%)
The nine-headed hydra's minds are blasted!!
You block the nine-headed hydra's attack. x3
The nine-headed hydra barely misses you.
The nine-headed hydra bites you!
You die...

###>. #....
##(...######
#P....#.8..# .
#....#.....#
#.#....#8.@.8#
.....#..D..#
#...##(..##.#
#...#(#+##..#
#.#.(....###
###..(......#
#((...###...S
#...([#...##.#
#.....#......)..#


You could see a nine-headed hydra (extremely poisoned).

Vanquished Creatures
  The ghost of pkoi the Carver, a journeyman MiGl of Okawaru (Lair:1)
  Nergalle (Lair:1)
  An ugly thing (D:9)
  A black mamba (Lair:1)
  An elephant (D:9)
  4 cane toads (Lair:1)
  A komodo dragon (Lair:1)
  A polar bear (Lair:1)
  A hornet (D:9)
  10 yaks
  A wyvern (Lair:2)
  2 basilisks (D:9)
  Menkaure (D:5)
  Edmund (D:4)
  An acid dragon (D:9)
  3 water moccasins
  An ice beast (D:8)
  An ogre (D:7)
  A black bear (D:6)
  A centaur (D:8)
  3 phantoms
  A kobold brigand (D:9)
  A bullfrog (D:7)
  A wyvern zombie (D:6)
  A water moccasin zombie (D:5)
  3 scorpions
  A vampire bat (D:6)
  10 wights (D:7)
  6 centaur zombies
  3 orc priests
  3 jellies
  A centaur skeleton (D:5)
  2 hounds (D:4)
  Crazy Yiuf (D:3)
  3 iguanas
  Ijyb (D:3)
  3 orc wizards
  2 hound skeletons
  A howler monkey zombie (D:7)
  Robin (D:3)
  3 gnolls
  A howler monkey skeleton (D:6)
  6 adders
  3 white imps
  An ufetubus (D:5)
  An adder skeleton (D:4)
  2 dart slugs
  24 orcs
  6 endoplasms
  5 giant cockroaches
  17 goblins
  8 hobgoblins
  6 jackals
  9 kobolds
  6 quokkas
  2 ball pythons (D:1)
  10 bats
  3 frilled lizards
  6 rats
202 creatures vanquished.

Notes
Turn   | Place    | Note
-------+----------+-------------------------------------------
     0 | D:1      | Renzlar the Gnoll Fighter began the quest for the Orb.
     0 | D:1      | Reached XP level 1. HP: 23/23 MP: 1/1
   100 | D:1      | Reached XP level 2. HP: 29/29 MP: 2/2
   114 | D:1      | Found a faded altar of an unknown god.
   171 | D:1      | Found Kaoxo's Armour Shop.
   583 | D:2      | Reached XP level 3. HP: 22/35 MP: 3/3
   811 | D:2      | Reached skill level 1 in Invocations
  1239 | D:2      | Reached skill level 1 in Short Blades
  1239 | D:2      | Reached skill level 1 in Long Blades
  1239 | D:2      | Reached skill level 1 in Maces & Flails
  1239 | D:2      | Reached skill level 1 in Polearms
  1239 | D:2      | Reached skill level 1 in Staves
  1239 | D:2      | Reached skill level 1 in Slings
  1239 | D:2      | Reached skill level 1 in Bows
  1239 | D:2      | Reached skill level 1 in Crossbows
  1239 | D:2      | Reached skill level 1 in Throwing
  1239 | D:2      | Reached skill level 1 in Dodging
  1239 | D:2      | Reached skill level 1 in Stealth
  1239 | D:2      | Reached skill level 1 in Unarmed Combat
  1239 | D:2      | Reached skill level 1 in Spellcasting
  1239 | D:2      | Reached skill level 1 in Evocations
  1239 | D:2      | Reached XP level 4. HP: 40/41 MP: 5/5
  1700 | D:3      | Noticed Ijyb
  1704 | D:3      | Reached skill level 1 in Conjurations
  1704 | D:3      | Reached skill level 1 in Hexes
  1704 | D:3      | Reached skill level 1 in Summonings
  1704 | D:3      | Reached skill level 1 in Necromancy
  1704 | D:3      | Reached skill level 1 in Translocations
  1704 | D:3      | Reached skill level 1 in Transmutations
  1704 | D:3      | Reached skill level 1 in Fire Magic
  1704 | D:3      | Reached skill level 1 in Ice Magic
  1704 | D:3      | Reached skill level 1 in Air Magic
  1704 | D:3      | Reached skill level 1 in Earth Magic
  1704 | D:3      | Reached skill level 1 in Poison Magic
  1704 | D:3      | Reached XP level 5. HP: 27/47 MP: 6/6
  1712 | D:3      | Killed Ijyb
  1884 | D:3      | Noticed Robin
  1903 | D:3      | Killed Robin
  2312 | D:3      | Found a runed translucent door.
  2313 | D:3      | Noticed Crazy Yiuf
  2325 | D:3      | Killed Crazy Yiuf
  2561 | D:4      | Reached XP level 6. HP: 49/53 MP: 8/8
  2671 | D:4      | Reached skill level 5 in Axes
  2894 | D:4      | Noticed Edmund
  2912 | D:4      | Killed Edmund
  2913 | D:4      | Reached XP level 7. HP: 53/60 MP: 10/10
  3182 | D:5      | Entered Level 5 of the Dungeon
  3463 | D:5      | Identified a scroll of acquirement
  3463 | D:5      | Acquired the +6 double sword "Bugean" {venom, rPois Will+
                  | Int+4 Dex+4}
  3533 | D:5      | Reached XP level 8. HP: 52/67 MP: 12/12
  3723 | D:5      | Noticed Menkaure
  3730 | D:5      | Killed Menkaure
  3738 | D:5      | Found an opulent altar of Gozag.
  3738 | D:5      | Found a basalt altar of Yredelemnul.
  3796 | D:5      | Found a shimmering blue altar of Sif Muna.
  4818 | D:7      | Found a staircase to the Ecumenical Temple.
  4828 | Temple   | Entered the Ecumenical Temple
  4931 | Temple   | Became a worshipper of Warmaster Okawaru
  5130 | D:7      | Reached XP level 9. HP: 72/72 MP: 14/14
  5619 | D:7      | Found a sacrificial altar of Ru.
  5722 | D:7      | Reached * piety under Okawaru
  5767 | D:7      | Found Fiolyit's General Store.
  6213 | D:8      | Acquired the ring of Gluttony {rF+ Str+4 Int+4 Stlth+}
  6322 | D:8      | Reached skill level 5 in Invocations
  6573 | D:8      | Reached ** piety under Okawaru
  7683 | D:9      | Reached XP level 10. HP: 48/80 MP: 17/17
  8014 | D:9      | Noticed an elephant
  8033 | D:9      | Killed an elephant
  8034 | D:9      | Reached skill level 5 in Short Blades
  8034 | D:9      | Reached skill level 5 in Long Blades
  8034 | D:9      | Reached skill level 5 in Maces & Flails
  8034 | D:9      | Reached skill level 5 in Polearms
  8034 | D:9      | Reached skill level 5 in Staves
  8034 | D:9      | Reached skill level 5 in Slings
  8034 | D:9      | Reached skill level 5 in Bows
  8034 | D:9      | Reached skill level 5 in Crossbows
  8034 | D:9      | Reached skill level 5 in Throwing
  8034 | D:9      | Reached skill level 5 in Dodging
  8034 | D:9      | Reached skill level 5 in Stealth
  8034 | D:9      | Reached skill level 5 in Unarmed Combat
  8034 | D:9      | Reached skill level 5 in Spellcasting
  8034 | D:9      | Reached skill level 5 in Evocations
  8127 | D:9      | Found a staircase to the Lair.
  8181 | D:9      | Reached *** piety under Okawaru
  8610 | D:9      | Noticed a green ugly thing
  8637 | D:9      | Killed a green ugly thing
  8915 | Lair:1   | Entered Level 1 of the Lair of Beasts
  9274 | Lair:1   | Noticed a cane toad
  9283 | Lair:1   | Killed a cane toad
  9409 | Lair:1   | Found a runed translucent gate.
  9410 | Lair:1   | Found a runed translucent gate.
  9411 | Lair:1   | Found a runed translucent gate.
  9413 | Lair:1   | Noticed pkoi's ghost (journeyman MiGl)
  9447 | Lair:1   | Killed pkoi's ghost
  9464 | Lair:1   | Learned a level 3 spell: Portal Projectile
  9869 | Lair:1   | Noticed a cane toad
  9878 | Lair:1   | Killed a cane toad
  9878 | Lair:1   | Reached **** piety under Okawaru
 10118 | Lair:1   | Noticed Nergalle
 10128 | Lair:1   | Noticed a black mamba
 10141 | Lair:1   | Killed Nergalle
 10142 | Lair:1   | Reached XP level 11. HP: 53/87 MP: 16/19
 10165 | Lair:1   | Reached skill level 5 in Conjurations
 10165 | Lair:1   | Reached skill level 5 in Hexes
 10165 | Lair:1   | Reached skill level 5 in Summonings
 10165 | Lair:1   | Reached skill level 5 in Necromancy
 10165 | Lair:1   | Reached skill level 5 in Translocations
 10165 | Lair:1   | Reached skill level 5 in Transmutations
 10165 | Lair:1   | Reached skill level 5 in Fire Magic
 10165 | Lair:1   | Reached skill level 5 in Ice Magic
 10165 | Lair:1   | Reached skill level 5 in Air Magic
 10165 | Lair:1   | Reached skill level 5 in Earth Magic
 10165 | Lair:1   | Reached skill level 5 in Poison Magic
 10401 | Lair:1   | Reached ***** piety under Okawaru
 10594 | Lair:1   | Received a gift from Okawaru
 10663 | Lair:2   | Noticed a four-headed hydra
 10682 | Lair:2   | Slain by a nine-headed hydra

Illustrated notes

Levels and vault maps discovered:
D:1:      onia_arrival_pyramid, layout_basic,
          hellmonk_ecumenical_altar_crossroads, serial_shops, shop
D:2:      minmay_diamond_boxcup, layout_basic
D:3:      layout_rooms, uniq_ijyb, uniq_crazy_yiuf_cottage, uniq_robin
D:4:      layout_rooms, uniq_edmund
D:5:      layout_cave_pools, nicolae_overflow_hidden_temple, uniq_menkaure
D:6:      layout_loops_ring, roderic_batcave
D:7:      layout_basic, mainiacjoe_overflow_24_doors,
          minmay_temple_entry_large_hall, serial_shops, nicolae_shop_waterfront
D:8:      layout_layer_cave, hex_medium, serial_park_tiny_pond,
          minmay_misc_feat_nine_boxes
D:9:      layout_grid_maze, david_lair_generic
Temple:   dpeg_five_rooms_temple
Lair:1:   layout_cave_pods, portal_ice_cave_entry_pillars_1,
          ebering_ghost_rock_garden, nicolae_quartered_pool_medium,
          serial_bayou_shore_a, uniq_nergalle
Lair:2:   layout_roguey, lemuel_fruit_fields, grunt_megastairs_2,
          infiniplex_staircase_pool_2, minmay_lair_oklob_chamber

Skill      XL: |  1  2  3  4  5  6  7  8  9 10 11 |
---------------+----------------------------------+-----
Invocations    | 1 2 3 4 5 6 |  6.9
Short Blades   | 1 2 3 4 5 6 |  6.2
Long Blades    | 1 2 3 4 5 6 |  6.2
Maces & Flails | 1 2 3 4 5 6 |  6.2
Polearms       | 1 2 3 4 5 6 |  6.2
Staves         | 1 2 3 4 5 6 |  6.2
Slings         | 1 2 3 4 5 6 |  6.2
Bows           | 1 2 3 4 5 6 |  6.2
Crossbows      | 1 2 3 4 5 6 |  6.2
Throwing       | 1 2 3 4 5 6 |  6.2
Dodging        | 1 2 3 4 5 6 |  6.2
Stealth        | 1 2 3 4 5 6 |  6.2
Unarmed Combat | 1 2 3 4 5 6 |  6.2
Spellcasting   | 1 2 3 4 5 6 |  6.2
Evocations     | 1 2 3 4 5 6 |  6.2
Conjurations   | 1 2 3 4 5 |  5.2
Hexes          | 1 2 3 4 5 |  5.2
Summonings     | 1 2 3 4 5 |  5.2
Necromancy     | 1 2 3 4 5 |  5.2
Translocations | 1 2 3 4 5 |  5.2
Transmutations | 1 2 3 4 5 |  5.2
Fire Magic     | 1 2 3 4 5 |  5.2
Ice Magic      | 1 2 3 4 5 |  5.2
Air Magic      | 1 2 3 4 5 |  5.2
Earth Magic    | 1 2 3 4 5 |  5.2
Poison Magic   | 1 2 3 4 5 |  5.2
Axes           | 5 6 7 |  7.8
Fighting       | 7 8 9 |  9.1
Armour         | 7 8 9 |  9.1
Shields        | 7 8 9 |  9.1

Action                   |  1- 3 |  4- 6 |  7- 9 | 10-12 || total
-------------------------+-------+-------+-------+-------++-------
Melee: War axe           |    75 |   172 |    47 |       ||   294
       Bite              |     5 |    13 |    27 |    21 ||    66
       Double sword      |       |       |   163 |   133 ||   296
 Fire: Hunting sling     |     5 |    55 |   120 |    53 ||   233
Invok: Heroism           |       |       |       |     2 ||     2
Evoke: Wand              |       |       |     1 |     1 ||     2
  Use: Scroll            |     6 |     7 |     9 |     1 ||    23
       Potion            |       |     1 |       |       ||     1
 Stab: Sleeping          |       |       |     1 |       ||     1
Armor: Scale mail        |    40 |    72 |   107 |    65 ||   284
Dodge: Dodged            |    26 |    54 |    89 |    71 ||   240
Block: Kite shield       |    26 |    98 |   182 |   102 ||   408
       Rpst.: Double sword |       |       |    19 |    11 ||    30
